 Dungeon Crawl Stone Soup version 0.31-a0-544-gceb718ecc6 (webtiles) character file.

Game seed: 1420908530683006978

69 dialectric the Ruffian (level 4, -3/25 HPs)
             Began as a Gargoyle Shapeshifter on Aug 15, 2023.
             Slain by a water moccasin (7 damage)
             ... in a sewer.
             The game lasted 00:02:01 (1666 turns).

dialectric the Ruffian (Gargoyle Shapeshifter)      Turns: 1666, Time: 00:02:02

Health: -3/25      AC:  5    Str: 20    XL:     4   Next: 20%
Magic:  4/4        EV: 12    Int: 13    God:
Gold:   124        SH:  0    Dex: 10    Spells: 3/3 levels left

rFire   + . .        l - +6 short sword of Distraction {pain, +Blink rF+ Int+4}
rCold   . . .        (no shield)
rNeg    + . .        a - +0 animal skin
rPois   ∞            (helmet currently unavailable)
rElec   +            (cloak currently unavailable)
rCorr   .            (gloves currently unavailable)
SInv    .            (boots currently unavailable)
Will    .....        (no amulet)
Stlth   +            (no ring)
HPRegen 0.24/turn    (no ring)
MPRegen 0.09/turn

%: no passive effects
@: mighty, beast-form, attractive
A: beast (slay +1), sickness immunity, AC +3, negative energy resistance 1,
electricity resistance, torment resistance 1, petrification resistance, subdued
magic 1
a: Begin Untransformation, Evoke Blink


You were in a sewer.
You were a hulking beast.
You visited 1 branch of the dungeon, and saw 3 of its levels.
You also visited: Sewer.

You collected 124 gold pieces.

Inventory:

Hand Weapons
 l - the +6 short sword of Distraction (weapon) {pain, +Blink rF+ Int+4}
   (You found it on level 2 of the Dungeon)

   Int+4:     It affects your intelligence (+4).
   rF+:       It protects you from fire.
   +Blink:    It lets you blink.
Armour
 a - a +0 animal skin (worn)
Jewellery
 j - a ring of see invisible
Talismans
 c - a beast talisman (active)
 d - a flux talisman
Scrolls
 b - a scroll of fear {unknown}
 e - 3 scrolls of teleportation {unknown}
 g - 2 scrolls of fog {unknown}
 h - a scroll of poison {unknown}
 k - 7 scrolls of identify {unknown}
 m - a scroll of amnesia {unknown}
 n - a scroll of noise {unknown}
Potions
 i - a potion of attraction
 p - a potion of heal wounds {unknown}


   Skills:
 + Level 1.3 Fighting
 + Level 0.5 Short Blades
 + Level 2.0 Dodging
 + Level 3.8 Unarmed Combat
 + Level 2.8 Shapeshifting


You had 3 spell levels left.
You didn't know any spells.
Your spell library contained the following spells:

 Spells                   Type           Power      Damage    Failure   Level
 Lesser Beckoning         Tloc           0%         N/A       38%         2
 Gell's Gravitas          Tloc           0%         N/A       63%         3
 Ozocubu's Armour         Ice            0%         N/A       63%         3
 Teleport Other           Tloc           0%         N/A       63%         3
 Haunt                    Necr/Summ      0%         N/A       100%        7
 Ozocubu's Refrigeration  Ice            0%         4d7       100%        7
 Borgnjor's Revivificati  Necr           0%         N/A       100%        8
 Death's Door             Necr           0%         N/A       100%        9


Dungeon Overview and Level Annotations

Branches:
Dungeon (3/15)              Sewer (1/1)

Altars:


Innate Abilities, Weirdness & Mutations

You are a hulking beast.
Your limbs bulge with bestial killing power. (Slay +1)
You are immune to sickness and miasma.
Your stone body is resilient. (AC +3)
You are immune to poison.
You resist negative energy. (rN+)
You are resistant to electric shocks. (rElec)
You are resistant to unholy torment.
You are immune to petrification.
Your spells are a little easier to cast, but a little less powerful.


Message History

You are too injured to fight recklessly!
You hit the water moccasin. Your punch misses the water moccasin.
The water moccasin is moderately wounded.
The water moccasin barely misses you.
Unknown command.
You closely miss the water moccasin.
The water moccasin is moderately wounded.
The water moccasin bites you.
Unknown command.
Okay, then.
You hit the water moccasin.
The water moccasin is moderately wounded.
The water moccasin completely misses you.
The water moccasin barely misses you.
You hit the water moccasin.
The water moccasin is heavily wounded.
The water moccasin bites you.
You closely miss the water moccasin.
The water moccasin is heavily wounded.
The water moccasin bites you.
* * * LOW HITPOINT WARNING * * *
The water moccasin barely misses you.
You closely miss the water moccasin.
The water moccasin is heavily wounded.
The water moccasin misses you.
You hit the water moccasin.
The water moccasin is severely wounded.
The water moccasin closely misses you.
Unknown command.
It was a potion of attraction.
You feel attractive to monsters. The water moccasin closely misses you.
The water moccasin barely misses you.
It was a potion of mutation.
You feel extremely strange.
Your connection to magic feels subdued.
The water moccasin bites you.
* * * LOW HITPOINT WARNING * * *
It was a potion of might.
You feel very mighty all of a sudden. The water moccasin bites you!
You die...

##### #
/?#. /
.#.#.
#...#
##..~##
#.~~S.#
#.~.h.##
#...#~..#
#..
##..##
#.. #...#
#~ ##~.#
#. #..#
#.. #..#
#..#
##.~#
#.~.
#~..#


You could see a water moccasin.

Vanquished Creatures
  2 adders (D:2)
  3 worms
  3 endoplasms
  5 giant cockroaches
  2 goblins (D:1)
  3 hobgoblins
  5 jackals
  2 kobolds
  2 quokkas (D:2)
  5 ball pythons
  3 bats
  A frilled lizard (D:1)
  4 rats
40 creatures vanquished.

Notes
Turn   | Place    | Note
-------+----------+-------------------------------------------
     0 | D:1      | dialectric the Gargoyle Shapeshifter began the quest for
                  | the Orb.
     0 | D:1      | Reached XP level 1. HP: 12/12 MP: 1/1
   300 | D:1      | Reached XP level 2. HP: 16/16 MP: 2/2
   735 | D:2      | Identified the +6 short sword of Distraction {pain, +Blink
                  | rF+ Int+4}
   865 | D:2      | Reached XP level 3. HP: 20/20 MP: 3/3
  1226 | D:2      | Reached XP level 4. HP: 25/25 MP: 4/4
  1339 | D:2      | Found a faded altar of an unknown god.
  1545 | D:3      | Found a glowing drain.
  1584 | Sewer    | Entered a sewer
  1651 | Sewer    | Noticed a water moccasin
  1665 | Sewer    | Gained mutation: Your spells are a little easier to cast,
                  | but a little less powerful. [potion of mutation]
  1666 | Sewer    | Slain by a water moccasin

Illustrated notes

Levels and vault maps discovered:
D:1:      tarquinn_simple_flora_water_b, layout_loops_ring
D:2:      layout_rooms, hellmonk_ecumenical_altar_heavens_door
D:3:      layout_basic, lemuel_round_altar, cheibrodos_sewer_entry_bend,
          kennysheep_generic_room_4
Sewer:    sewer_the_moccasin

Skill      XL: |  1  2  3 |
---------------+----------+-----
Dodging        | 2 |  2.0
Fighting       | |  1.3
Short Blades   | |  0.5
Unarmed Combat | |  3.8
Shapeshifting  | |  2.8

Action                     |  1- 3 |  4- 6 || total
---------------------------+-------+-------++-------
  Melee: Unarmed           |    42 |       ||    42
         Punch             |     3 |     3 ||     6
         Short sword       |    38 |    27 ||    65
    Use: Potion            |     1 |     3 ||     4
   Stab: Sleeping          |     3 |       ||     3
 Armour: Animal skin       |    25 |     3 ||    28
         Skin              |     2 |       ||     2
  Dodge: Dodged            |    72 |    14 ||    86

Table legend: (Time is in decaauts)
 A = Elapsed time spent in this place.
 B = Non-inter-level travel time spent in this place.
 C = Inter-level travel time spent in this place.
 D = Time resting spent in this place.
 E = Time spent auto-exploring this place.
 F = Levels seen in this place.
 G = Mean time per level.
                   A        B        C        D        E       F      G
               +--------+--------+--------+--------+--------+-----+--------+
         Total |   1668 |   1623 |     45 |    181 |   1158 |   4 |  417.0 |
       Dungeon |   1582 |   1537 |     45 |    181 |   1098 |   3 |  527.3 |
         Sewer |     85 |     85 |      0 |      0 |     60 |   1 |   85.0 |
               +--------+--------+--------+--------+--------+-----+--------+

Top non-repeatable levels by time:
     D:2: 731 daAuts
     D:1: 697 daAuts
     D:3: 154 daAuts
   Sewer: 85 daAuts
